 Dungeon Crawl Stone Soup version 0.31.0-1-g2c135a008e (webtiles) character file.

Game seed: 4003265597292427904

1171 qw the Shooter (level 8, 0/58 HPs)
             Began as a Djinni Hunter on Jan 23, 2024.
             Was a Believer of Okawaru.
             Slain by a black bear (4 damage)
             ... on level 5 of the Dungeon.
             The game lasted 00:00:29 (5050 turns).

qw the Shooter (Djinni Hunter)                      Turns: 5050, Time: 00:00:30

Health: 0/58       AC: 12    Str: 10    XL:     8   Next: 68%
Gold:   215        EV: 14    Int: 12    God:    Okawaru [**....] SH:  0 Dex: 18

rFire   + + +        a - +1 shortbow
rCold   x . .        (shield currently unavailable)
rNeg    . . .        e - +0 ring mail
rPois   inf          b - +0 helmet
rElec   .            j - +1 cloak
rCorr   .            m - +1 pair of gloves
SInv    .            (boots unavailable)
Will    .....        (no amulet)
Stlth   +++          (no ring)
HPRegen 0.29/turn    (no ring)
MPRegen 0.00/turn

%: infuse magic (-1 HP)
@: about to teleport, heroic, flying
A: sickness immunity, fire resistance 3, cold vulnerability 1, float, innate
caster, HP casting, extra vitality 1, sense surroundings 1, evolution 1
a: Renounce Religion, Heroism


You were on level 5 of the Dungeon.
You worshipped Okawaru.
Okawaru was pleased with you.
You visited 1 branch of the dungeon, and saw 7 of its levels.
You also visited: Ossuary.

You collected 215 gold pieces.


Innate Abilities, Weirdness & Mutations

You are immune to sickness and miasma.
You are immune to poison.
Your flesh is almost immune to the effects of heat. (rF+++)
You are vulnerable to cold. (rC-)
You float through the air rather than walking.
You learn spells naturally, not from books.
Your magical power is your life essence.
You have superior vitality. (+4 MHP)
You passively map a small area around you.
You have hidden genetic potential.


   Skills:
 + Level 4.0(9.0) Fighting
 - Level 7.0(12.0) Ranged Weapons
 - Level 2.0(7.0) Armour
 - Level 3.0(8.0) Dodging
 - Level 0.7(5.7) Stealth
 - Level 4.0 Invocations


You knew the following spells:

 Your Spells              Type           Power      Damage    Failure   Level
a - Kiss of Death         Conj/Necr      0%         2d5       58%         1
b - Searing Ray           Conj           0%         2d4       75%         2
c - Mercury Vapours       Alch/Air       0%         N/A       75%         2
Your spell library was empty.

Inventory:

Hand Weapons
 a - a +1 shortbow (weapon)
Armour
 b - a +0 helmet (worn)
 e - a +0 ring mail (worn)
 j - a +1 cloak (worn)
 m - a +1 pair of gloves (worn)
Wands
 k - a wand of mindburst (6)
Scrolls
 c - a scroll of identify
 h - 5 scrolls of teleportation
Potions
 d - a potion of cancellation
 f - a potion of enlightenment
 g - 4 potions of might
 o - 3 potions of curing

Dungeon Overview and Level Annotations

Branches:
Dungeon (7/15)            Ossuary (visited)
 Temple: D:4-7

Altars:
Gozag
Okawaru
Trog
Zin

Shops:
D:4 :


Message History

Your base Ranged Weapons skill increases to level 7!
You shoot an arrow.
The arrow hits the black bear but does no damage.
The black bear is lightly wounded.
The ufetubus slips past you! The ufetubus barely misses you.
The ufetubus misses you. The black bear bites you!
The black bear closely misses you.
The black bear claws you but does no damage.
The ufetubus barely misses you.
The ufetubus hits you but does no damage.
You shoot an arrow. The arrow hits the orc!
You kill the orc!
Okawaru accepts your kill.
The black bear bites you but does no damage.
The black bear claws you. The black bear closely misses you.
The ufetubus hits you but does no damage.
The ufetubus barely misses you.
You shoot an arrow.
The arrow closely misses the black bear.
The ufetubus barely misses you. x2; The ogre hits you with a +0 giant club!
The black bear barely misses you. The black bear closely misses you. x2
5048 ||| READING 6 scrolls of teleportation.
As you read the scroll of teleportation, it crumbles to dust.
You feel strangely unstable. The ufetubus barely misses you.
The ufetubus misses you. The black bear bites you.
The black bear claws you but does no damage. x2
The ufetubus barely misses you. The ufetubus closely misses you.
You shoot an arrow. The arrow hits the black bear.
The black bear is moderately wounded.
The ogre closely misses you. The ufetubus misses you. x2
The black bear closely misses you.
The black bear claws you but does no damage.
The black bear claws you.
You shoot an arrow. The arrow hits the black bear!
The black bear is heavily wounded.
The ufetubus closely misses you. The ufetubus barely misses you.
The black bear closely misses you. The black bear barely misses you.
The black bear claws you.
You die...

, , #...h.5.#...#####.......
, .......#..## ##>...#. ....h
#..## ####.## , ... #...#####
#... .########'####.#.....##
#### .............#######..##
## *............h#.........#
##.
...........hO#######...####..
###+########@# ###..#...# ,,
* ###.5# #......# #....#
##...... ,,,##....# ###....
,#.....# ##### , ,#....###* *
,, #....##.############## ,
#..####......%........
**##.######.........#####


You could see 2 black bears, an ogre and an ufetubus.

Vanquished Creatures
  A water moccasin (D:5)
  A black bear (D:5)
  An ice beast (D:5)
  4 scorpions (Ossuary)
  A bombardier beetle (D:4)
  2 centaur zombies (Ossuary)
  A jelly (D:6)
  An orc priest (D:3)
  2 human zombies (Ossuary)
  An iguana (D:4)
  7 scorpion zombies (Ossuary)
  An orc wizard (D:3)
  4 mummies
  Robin (D:2)
  3 adders
  A gnoll (D:2)
  A white imp (D:5)
  2 adder zombies (Ossuary)
  A dart slug (D:2)
  5 orcs
  3 bats (D:2)
  6 endoplasms
  2 giant cockroaches
  12 goblins
  9 hobgoblins
  4 jackals
  6 kobolds
  5 quokkas
  8 ball pythons
  2 ball python zombies (Ossuary)
  4 frilled lizards (D:2)
  A gnoll zombie (Ossuary)
  6 jackal zombies (Ossuary)
  2 orc zombies (Ossuary)
  4 rats
115 creatures vanquished.

Notes
Turn   | Place    | Note
-------+----------+-------------------------------------------
     0 | D:1      | qw the Djinni Hunter began the quest for the Orb.
     0 | D:1      | Reached XP level 1. HP: 18/18 MP: 0/0
     0 | D:1      | 0 ||| qw: Version: 0.3-a-136-gdd3b4e8
     0 | D:1      | 0 ||| qw: Game counter: 984
     0 | D:1      | 0 ||| qw: Melee chars always use a shield: true
     0 | D:1      | 0 ||| qw: God list: Okawaru
     0 | D:1      | 0 ||| qw: Allow faded altars: false
     0 | D:1      | 0 ||| qw: Do Orc after clearing Dungeon:15 true
     0 | D:1      | 0 ||| qw: Do second Lair branch before Depths: true
     0 | D:1      | 0 ||| qw: Lair rune preference: random
     0 | D:1      | 0 ||| qw: Goals: Normal
     0 | D:1      | 0 ||| PLANNING D:1-11
   309 | D:1      | Reached XP level 2. HP: 23/23 MP: 0/0
   363 | D:1      | Found a faded altar of an unknown god.
   389 | D:1      | 389 ||| READING scroll labelled MAUHIU WOPEL.
   729 | D:1      | 729 ||| UPGRADING to +0 ring mail.
   739 | D:1      | 739 ||| DROPPING +0 leather armour.
   740 | D:1      | 740 ||| UPGRADING to +0 cloak.
   745 | D:1      | 745 ||| READING 4 scrolls labelled JEFAQY UGANE.
   786 | D:1      | 786 ||| READING scroll labelled EFUKHL FECKUTE.
   786 | D:1      | 786 ||| ENCHANTING +0 cloak.
   787 | D:1      | 787 ||| READING scroll labelled NIPHESHR ONTUSO.
   787 | D:1      | 787 ||| ENCHANTING +0 shortbow.
   788 | D:1      | 788 ||| DROPPING scroll of butterflies.
   789 | D:1      | 789 ||| DROPPING 3 scrolls of torment.
   860 | D:2      | Reached XP level 3. HP: 28/28 MP: 0/0
   860 | D:2      | Learned a level 1 spell: Kiss of Death
   863 | D:2      | Reached skill level 1 in Armour
  1018 | D:2      | Reached skill level 4 in Ranged Weapons
  1153 | D:2      | Noticed Robin
  1154 | D:2      | 1154 ||| RETREEEEATING.
  1156 | D:2      | 1156 ||| RETREEEEATING.
  1157 | D:2      | 1157 ||| RETREEEEATING.
  1164 | D:2      | HP: 7/29 [goblin/+0 dagger[Robin] (5)]
  1165 | D:2      | 1165 ||| READING scroll of teleportation.
  1166 | D:2      | Killed Robin
  1167 | D:2      | Reached XP level 4. HP: 9/34 MP: 0/0
  1170 | D:2      | 1170 ||| FLEEEEING.
  1171 | D:2      | 1171 ||| FLEEEEING.
  1172 | D:2      | 1172 ||| FLEEEEING.
  1173 | D:2      | 1173 ||| FLEEEEING.
  1174 | D:2      | 1174 ||| FLEEEEING.
  1175 | D:2      | 1175 ||| FLEEEEING.
  1176 | D:2      | 1176 ||| FLEEEEING.
  1177 | D:2      | 1177 ||| FLEEEEING.
  1178 | D:2      | 1178 ||| FLEEEEING.
  1179 | D:2      | 1179 ||| FLEEEEING.
  1180 | D:2      | 1180 ||| FLEEEEING.
  1181 | D:2      | 1181 ||| STAIRDANCE
  1266 | D:1      | 1266 ||| READING scroll labelled QERAAT YZIH.
  1267 | D:1      | 1267 ||| READING scroll labelled QOTHRI UPIM.
  1267 | D:1      | 1267 ||| IDENTIFYING lumpy inky potion
  1268 | D:1      | 1268 ||| READING 2 scrolls labelled BANIGH DIZE.
  1369 | D:1      | 1369 ||| READING scroll labelled KAQITETHUS.
  1370 | D:1      | 1370 ||| DROPPING scroll of vulnerability.
  1412 | D:2      | Reached skill level 3 in Fighting
  1935 | D:2      | 1935 ||| UPGRADING to +0 helmet.
  1940 | D:2      | 1940 ||| READING scroll labelled SYIPE IKHOVOCE.
  2219 | D:3      | 2219 ||| DRINKING metallic green potion.
  2221 | D:3      | Reached XP level 5. HP: 38/40 MP: 0/0
  2221 | D:3      | Learned a level 2 spell: Searing Ray
  2323 | D:3      | 2323 ||| READING scroll of identify.
  2323 | D:3      | 2323 ||| IDENTIFYING black potion
  2512 | D:3      | Found an iron altar of Okawaru.
  2512 | D:3      | Found a bloodstained altar of Trog.
  2513 | D:3      | 2513 ||| PLANNING OKAWARU WORSHIP
  2518 | D:3      | Became a worshipper of Warmaster Okawaru
  2519 | D:3      | 2519 ||| PLANNING D:1-11
  2531 | D:3      | Reached skill level 5 in Ranged Weapons
  2692 | D:3      | Found an opulent altar of Gozag.
  2692 | D:3      | Found a glowing silver altar of Zin.
  2948 | D:4      | Reached skill level 3 in Dodging
  2948 | D:4      | Reached XP level 6. HP: 46/46 MP: 0/0
  3051 | D:4      | Found Nuliq's Tremendous Tomes.
  3594 | D:4      | You are sucked into a shaft and drop 3 floors!
  3595 | D:7      | 3595 ||| UPGRADING to +0 pair of gloves.
  3600 | D:7      | 3600 ||| READING scroll of identify.
  3600 | D:7      | 3600 ||| IDENTIFYING lumpy purple potion
  3601 | D:7      | 3601 ||| DROPPING potion of degeneration.
  3706 | D:5      | Entered Level 5 of the Dungeon
  3707 | D:5      | 3707 ||| PLANNING OSSUARY
  3962 | D:5      | 3962 ||| READING scroll of enchant armour.
  3962 | D:5      | 3962 ||| ENCHANTING +0 pair of gloves.
  3979 | D:5      | Found a sand-covered staircase.
  4017 | Ossuary  | Entered an ossuary
  4156 | Ossuary  | Reached XP level 7. HP: 52/52 MP: 0/0
  4156 | Ossuary  | Learned a level 2 spell: Mercury Vapours
  4205 | Ossuary  | Reached * piety under Okawaru
  4265 | Ossuary  | Reached skill level 1 in Invocations
  4394 | Ossuary  | Reached skill level 6 in Ranged Weapons
  4461 | Ossuary  | Reached XP level 8. HP: 58/58 MP: 0/0
  4730 | Ossuary  | Reached skill level 3 in Invocations
  4749 | Ossuary  | 4749 ||| READING 5 scrolls of identify.
  4749 | Ossuary  | 4749 ||| IDENTIFYING blue potion
  4750 | Ossuary  | 4750 ||| READING 4 scrolls of identify.
  4750 | Ossuary  | 4750 ||| IDENTIFYING bubbling green potion
  4751 | Ossuary  | 4751 ||| READING 3 scrolls of identify.
  4751 | Ossuary  | 4751 ||| IDENTIFYING fizzy green potion
  4752 | Ossuary  | 4752 ||| READING 2 scrolls of identify.
  4752 | Ossuary  | 4752 ||| IDENTIFYING sapphire potion
  4753 | Ossuary  | 4753 ||| DRINKING potion of mutation.
  4753 | Ossuary  | Gained mutation: Your flesh is almost immune to the effects
                  | of heat. (rF+++) [potion of mutation]
  4753 | Ossuary  | Gained mutation: You have hidden genetic potential. [potion
                  | of mutation]
  4753 | Ossuary  | Gained mutation: You passively map a small area around you.
                  | [potion of mutation]
  4754 | Ossuary  | 4754 ||| READING scroll of identify.
  4754 | Ossuary  | 4754 ||| IDENTIFYING 3 emerald potions
  4755 | Ossuary  | 4755 ||| READING scroll labelled EGENEO CENEHU.
  4756 | Ossuary  | 4756 ||| READING scroll labelled UCUEC LU AHAC.
  4757 | Ossuary  | 4757 ||| READING scroll labelled JUEREXK ASOERE.
  4758 | Ossuary  | 4758 ||| DROPPING 3 potions of lignification.
  4759 | Ossuary  | 4759 ||| DROPPING potion of attraction.
  4760 | Ossuary  | 4760 ||| DROPPING potion of invisibility.
  4795 | D:5      | 4795 ||| PLANNING D:1-11
  4960 | D:5      | Reached ** piety under Okawaru
  5027 | D:5      | 5027 ||| RETREEEEATING.
  5029 | D:5      | 5029 ||| RETREEEEATING.
  5032 | D:5      | 5032 ||| RETREEEEATING.
  5040 | D:5      | 5040 ||| INVOKING Heroism.
  5041 | D:5      | 5041 ||| ZAPPING wand of mindburst (10) at 0,-1 (black
                  | bear; floor).
  5042 | D:5      | 5042 ||| ZAPPING wand of mindburst (9) at 0,-1 (black bear;
                  | floor).
  5043 | D:5      | 5043 ||| ZAPPING wand of mindburst (8) at 0,-1 (black bear;
                  | floor).
  5044 | D:5      | 5044 ||| ZAPPING wand of mindburst (7) at 0,-1 (black bear;
                  | floor).
  5045 | D:5      | Reached skill level 7 in Ranged Weapons
  5047 | D:5      | HP: 10/58 [ogre/+0 giant club (14)]
  5048 | D:5      | 5048 ||| READING 6 scrolls of teleportation.
  5049 | D:5      | HP: 3/58 [black bear (3)]
  5050 | D:5      | Slain by a black bear

Levels and vault maps discovered:
D:1:      elethiomel_arrival_fortress_basement, layout_loops_ring,
          shapermc_ecumenical_altar_gd
D:2:      layout_basic, minmay_misc_feat_room, grunt_decor_fettered,
          cheibrodos_gnoll_hut, uniq_robin
D:3:      layout_loops_corners, grunt_temple_overflow_gold_and_silver,
          jmf_multi_god_temple, minmay_misc_feat_x, skrybe_limestone_x
D:4:      layout_cave_pods, nicolae_shop_i_like_big_books
D:5:      minmay_opposing_rooms, layout_rooms, nicolae_ossuary_entry_giza,
          minmay_holes, nrook_campfire
D:6:      layout_loops_ring, marbit_many_paths,
          minmay_temple_entry_gardened_gates, minmay_misc_feat_enclosed,
          minmay_misc_feat_hallway, uniq_crazy_yiuf_cottage
D:7:      layout_cave_pools, uniq_pikel, uniq_joseph, uniq_maurice, uniq_maggie

Skill      XL: |  1  2  3  4  5  6  7  8 |
---------------+-------------------------+-----
Armour         | 1 2 |  2.0
Ranged Weapons | 4 5 6 7 |  7.0
Fighting       | 3 4 |  4.0
Dodging        | 3 |  3.0
Invocations    | 2 4 |  4.0
Stealth        | |  0.7

Action                     |  1- 3 |  4- 6 |  7- 9 || total
---------------------------+-------+-------+-------++-------
   Fire: Shortbow          |    92 |   215 |   267 ||   574
 Invoke: Heroism           |       |       |     1 ||     1
  Evoke: Wand              |       |       |     4 ||     4
    Use: Scroll            |     5 |     8 |     9 ||    22
         Potion            |       |     1 |     1 ||     2
 Armour: Leather armour    |     9 |       |       ||     9
         Ring mail         |    29 |   101 |   231 ||   361
  Dodge: Dodged            |    40 |   117 |   228 ||   385

Table legend:
 A = Non-vault XP
 B = Vault XP
 C = Vault XP percentage of total XP
 D = Non-vault monster count
 E = Vault monster count
 F = Vault count percentage of total count
                 A         B        C        D         E       F
            +---------+---------+-------+---------+---------+-------
      Total |     470 |    1204 |  71.9 |      61 |      54 |  47.0
            +---------+---------+-------+---------+---------+-------
        D:1 |      19 |       2 |   9.5 |      11 |       1 |   8.3
        D:2 |      41 |      57 |  58.2 |      18 |      16 |  47.1
        D:3 |     120 |       3 |   2.4 |      18 |       2 |  10.0
        D:4 |      93 |       0 |   0.0 |       7 |       0 |   0.0
        D:5 |     151 |     300 |  66.5 |       5 |       4 |  44.4
        D:6 |      43 |       0 |   0.0 |       1 |       0 |   0.0
        D:7 |       3 |       0 |   0.0 |       1 |       0 |   0.0
    Ossuary |       0 |     842 | 100.0 |       0 |      31 | 100.0
            +---------+---------+-------+---------+---------+-------
